 Dungeon Crawl Stone Soup version 0.28.0-47-ge53b351184 (console) character file.

Game seed: 2057552846712051206

1570 Faeu the Shield-Bearer (level 8, 0/65 HPs)
             Began as a Minotaur Fighter on May 2, 2022.
             Was a Follower of Hepliaklqana.
             Slain by Edmund
             ... wielding a +1 dire flail of protection
              (3 damage)
             ... on level 5 of the Dungeon.
             The game lasted 00:20:17 (5953 turns).

Faeu the Shield-Bearer (Minotaur Fighter)           Turns: 5953, Time: 00:20:17

Health: 0/65       AC: 10    Str: 23    XL:     8   Next: 59%
Magic:  7/7        EV:  9    Int:  5    God:    Hepliaklqana [*.....]
Gold:   221        SH:  5    Dex: 10    Spells: 7/7 levels left

rFire   . . .      SeeInvis .   l - +2 dagger (holy) {short}
rCold   + . .      Faith    .   c - +0 buckler
rNeg    . . .      Spirit   .   b - +0 scale mail
rPois   .          Reflect  .   (helmet restricted)
rElec   .          Harm     .   g - +0 cloak
rCorr   .          Rampage  .   (no gloves)
Will    .....                   m - +0 pair of boots
Stlth   ..........              A - amulet of magic regeneration {@e2}
HPRegen 0.20/turn               p - ring of protection from cold
MPRegen 0.50/turn               (no ring)

@: no status effects
A: reduced essence, horns 2, retaliatory headbutt
a: Renounce Religion, Recall Ancestor, Ancestor Identity


You were on level 5 of the Dungeon.
You worshipped Hepliaklqana.
Hepliaklqana was aware of your devotion.
You visited 2 branches of the dungeon, and saw 7 of its levels.
You also visited: Ossuary.

You collected 221 gold pieces.


Innate Abilities, Weirdness & Mutations

Your life essence is reduced to manifest your ancestor. (-10% HP)
You have a pair of horns on your head.
You reflexively headbutt those who attack you in melee.


   Skills:
 + Level 7.4 Fighting
 + Level 6.9 Axes
 + Level 7.4 Armour
 + Level 7.4 Shields


You had 7 spell levels left.
You didn't know any spells.
Your spell library contained the following spells:

 Spells                   Type           Power      Damage    Failure   Level
 Magic Dart               Conj           0%         1d3       83%         1
 Sandblast                Erth           0%         2d4       83%         1
 Call Imp                 Summ           0%         N/A       93%         2
 Passwall                 Tmut/Erth      0%         N/A       93%         2
 Frozen Ramparts          Ice            0%         1d2       99%         3
 Mephitic Cloud           Conj/Pois/Air  0%         N/A       99%         3
 Ozocubu's Armour         Ice            0%         N/A       99%         3
 Stone Arrow              Conj/Erth      0%         3d7       99%         3
 Ice Form                 Ice/Tmut       0%         N/A       100%        4
 Summon Ice Beast         Ice/Summ       0%         N/A       100%        4
 Metabolic Englaciation   Hex/Ice        0%         N/A       100%        5
 Simulacrum               Ice/Necr       0%         N/A       100%        6

Inventory:

Hand Weapons
 a - a +0 war axe {axe}
 l - a +2 dagger of holy wrath (weapon) {short}
   (You took it off Jessica on level 2 of the Dungeon)
Missiles
 i - 12 poisoned darts (quivered) {throwing}
Armour
 b - a +0 scale mail (worn)
 c - a +0 buckler (worn)
 g - a +0 cloak (worn)
   (You found it on level 1 of the Dungeon)
 m - a +0 pair of boots (worn)
   (You found it on level 2 of the Dungeon)
 y - a +0 ring mail of positive energy
   (You took it off an orc on level 4 of the Dungeon)
Jewellery
 p - a ring of protection from cold (left hand)
   (You found it on level 2 of the Dungeon)
 A - an amulet of magic regeneration (around neck) {@e2}
   (You found it on level 5 of the Dungeon)
Wands
 B - a wand of flame (10)
   (You took it off a kobold on level 5 of the Dungeon)
 C - a wand of charming (8)
   (You found it on level 6 of the Dungeon)
Scrolls
 e - a scroll of fear {unknown}
 f - 2 scrolls of vulnerability {unknown}
 h - 2 scrolls of blinking {unknown}
 j - 5 scrolls of identify {unknown}
 k - a scroll of torment {unknown}
 o - a scroll of holy word {unknown}
 t - a scroll of summoning {unknown}
 u - a scroll of immolation {unknown}
 z - a scroll of teleportation {@r4}
Potions
 d - 4 potions of might
 n - 2 potions of degeneration {unknown}
 q - 5 potions of curing {unknown}
 r - a potion of attraction {unknown}
 s - a potion of heal wounds {unknown}
 v - 3 potions of mutation {unknown}
 w - a potion of brilliance {unknown}
 x - a potion of magic {unknown}

Dungeon Overview and Level Annotations

Branches:
Dungeon (6/15)             Temple (1/1) D:4         Ossuary (visited)

Altars:
Ashenzari
Dithmenos
Elyvilon
Fedhas
Gozag
Hepliaklqana
Kikubaaqudgha
Okawaru
Ru
Trog
Uskayaw
Vehumet
Wu Jian
Zin
The Shining One

Shops:
D:4 *   D:5 ?[

Annotations:
D:5 Edmund
D:6 Pikel

#...........#......
#...........#......
#...........#...#..
#......#...........
###^............#._.#
#.....####.####..†...
#.....##.....#....#..
#.....##.....#.......
####.###.....#.......
#.#...............
#@@...............
###R..............
#...............
#..........###..
#.......... #..
..@............#
................#
.....#####......#
.....# #......#
####... .......#
.......#


You could see the friendly Lufti the ancestor and Edmund (ally target).


Message History

You take 9 damage, and now have 43/65 hp.
You closely miss Pikel. You block Pikel's attack.
You closely miss Pikel.
Pikel zaps a wand.
The puff of flame hits you! 😮 HP[-9]
You take 9 damage, and now have 34/65 hp.
You barely miss Pikel.
Pikel says, "You'll make a fine lemure."
Pikel hits you but does no damage.
You hit Pikel but do no damage.
Pikel zaps a wand.
The puff of flame hits you but does no damage.
You hit Pikel but do no damage. Pikel closely misses you. 😮 HP[+1]
You closely miss Pikel. Your headbutt misses Pikel.
Pikel zaps a wand.
The puff of flame hits you.
Pikel hits you with a +1 whip of freezing!
* * * LOW HITPOINT WARNING * * *
😨 HP[-9]
You take 9 damage, and now have 26/65 hp.
You hit Pikel.
Pikel hits you with a +1 whip of freezing!
* * * LOW HITPOINT WARNING * * *
Pikel freezes you.
* * * LOW HITPOINT WARNING * * *
😨 HP[-8]
You take 8 damage, and now have 18/65 hp.
You swap places.
Lufti hits Pikel but does no damage.
Pikel hits Lufti with a +1 whip of freezing!
Pikel freezes Lufti.
Lufti closely misses Pikel.
Pikel closely misses Lufti.
Lufti hits Pikel but does no damage.
Pikel hits Lufti with a +1 whip of freezing! 😨 HP[+1] Lufti closely misses Pikel.
Pikel hits Lufti with a +1 whip of freezing!
Pikel freezes Lufti.
Lufti hits Pikel.
Pikel hits Lufti with a +1 whip of freezing!
Lufti is destroyed!
Pikel zaps a wand.
The puff of flame misses you. 😨 HP[+1] 😨 HP[+1] 😨 HP[+1] Pikel zaps a wand.
You block the puff of flame. 😨 HP[+1] 😨 HP[+1] Pikel says, "You'll make a fine lemure."
Pikel zaps a wand.
The puff of flame misses you.
Pikel zaps a wand.
The puff of flame hits you!
* * * LOW HITPOINT WARNING * * *
There is a stone staircase leading up here. 😨 HP[-7]
You take 7 damage, and now have 17/65 hp.
You climb upwards.
Level annotation: Edmund
There is a stone staircase leading down here. 😨 HP[+1]
You start resting.
Edmund is nearby! 😨 HP[+1]
You closely miss Edmund. You headbutt Edmund, but do no damage.
Edmund hits you but does no damage.
You closely miss Edmund. Your headbutt misses Edmund.
Edmund says, "I might not be good at magic, but I can still kill you!"
Edmund hits you with a +1 dire flail of protection!
* * * LOW HITPOINT WARNING * * *
😱 HP[-7]
You take 7 damage, and now have 12/65 hp.
You hit Edmund but do no damage. You headbutt Edmund.
Edmund hits you with a +1 dire flail of protection.
* * * LOW HITPOINT WARNING * * *
😱 HP[-1]
You take 1 damage, and now have 11/65 hp.
You hit Edmund. You headbutt Edmund.
Edmund hits you with a +1 dire flail of protection.
* * * LOW HITPOINT WARNING * * *
😱 HP[-3]
You take 3 damage, and now have 8/65 hp.
You hit Edmund.
Edmund grinds his teeth, and then sighs.
Edmund misses you. 😱 HP[+1]
You puncture Edmund! You headbutt Edmund, but do no damage.
Edmund hits you but does no damage.
You hit Edmund but do no damage.
Edmund hits you with a +1 dire flail of protection.
* * * LOW HITPOINT WARNING * * *
😱 HP[-6]
You take 6 damage, and now have 3/65 hp.
You closely miss Edmund. Your headbutt misses Edmund.
Lufti emerges from the mists of memory!
Edmund hits you with a +1 dire flail of protection.
You die...

Skill      XL: |  1  2  3  4  5  6  7  8 |
---------------+-------------------------+-----
Fighting       | 4 5 6 7 |  7.4
Axes           | 3 4 5 6 |  6.9
Armour         | 4 5 6 7 |  7.4
Shields        | 4 5 6 7 |  7.4

Action                   |  1- 3 |  4- 6 |  7- 9 || total
-------------------------+-------+-------+-------++-------
Melee: War axe           |    26 |       |       ||    26
       Headbutt          |    11 |    25 |    61 ||    97
       Dagger            |    24 |   122 |   256 ||   402
  Use: Scroll            |       |     1 |     1 ||     2
Armor: Scale mail        |    31 |    53 |   109 ||   193
Dodge: Dodged            |    30 |    49 |    77 ||   156
Block: Buckler           |    10 |    22 |    41 ||    73

Levels and vault maps discovered:
D:1:      minmay_arrival_solitary_statue, layout_rooms,
          shapermc_ecumenical_altar_mp_highgroup, serial_aquarium,
          aquarium_bridge_square [aquarium_subvault_wall,
          aquarium_subvault_bridge, aquarium_subvault_wall,
          aquarium_subvault_wall], aquarium_bridge_long_separate
          [aquarium_subvault_bridge, aquarium_subvault_window,
          aquarium_subvault_bridge, aquarium_subvault_bridge,
          aquarium_subvault_wall, aquarium_subvault_wall], aquarium_window_fake,
          aquarium_window_2, aquarium_window_1, aquarium_view_2d,
          aquarium_view_2e
D:2:      layout_basic, minmay_cut_off, uniq_jessica
D:3:      layout_basic, cheibrodos_sewer_entry_bend, minmay_statues_item,
          chequers_decorated_corner, uniq_crazy_yiuf_cottage
D:4:      layout_loops_ring, mainiacjoe_overflow_catwalk_spiral, temple_doors_e,
          serial_shops, shop, nicolae_ossuary_entry_ruins,
          grunt_decor_mini_mirrors, st_stairs_2, uniq_sigmund, uniq_grinder,
          uniq_robin
D:5:      layout_basic, kiku_gazebo_garden_becter, vehumet_altar_wand_db,
          serial_shops, nicolae_shop_crystal, nicolae_shop_bloodbath_and_beyond,
          nicolae_shop_hallway_plus, uniq_edmund
D:6:      layout_cave_pods, mainiacjoe_overflow_alcove_4, minmay_curled_crystal,
          uniq_pikel
Temple:   minmay_temple_curvy_loop

Notes
Turn   | Place    | Note
-------+----------+-------------------------------------------
     0 | D:1      | Faeu the Minotaur Fighter began the quest for the Orb.
     0 | D:1      | Reached XP level 1. HP: 19/19 MP: 0/0
     0 | D:1      | magus.rc [v1.9.6]
   189 | D:1      | Reached XP level 2. HP: 23/27 MP: 1/1
   254 | D:1      | You pick up a book of Geomancy and begin reading...
   254 | D:1      | You add the spells Sandblast, Passwall and Stone Arrow to
                  | your library.
   548 | D:1      | Found a faded altar of an unknown god.
   803 | D:2      | Noticed Jessica
   812 | D:2      | Killed Jessica
   813 | D:2      | Reached skill level 4 in Fighting
   813 | D:2      | Reached skill level 3 in Axes
   813 | D:2      | Reached skill level 4 in Armour
   813 | D:2      | Reached skill level 4 in Shields
   813 | D:2      | Reached XP level 3. HP: 21/33 MP: 2/2
  1261 | D:2      | You pick up a book of Rime and begin reading...
  1261 | D:2      | You add the spells Frozen Ramparts, Ice Form and Summon Ice
                  | Beast to your library.
  1574 | D:3      | Found a runed translucent door.
  1575 | D:3      | Noticed Crazy Yiuf
  1586 | D:3      | Killed Crazy Yiuf
  1587 | D:3      | Reached XP level 4. HP: 25/41 MP: 3/3
  2811 | D:4      | Found Soxecas's Assorted Antiques.
  2829 | D:4      | Noticed Sigmund
  2850 | D:4      | Killed Sigmund
  2851 | D:4      | Reached skill level 5 in Fighting
  2851 | D:4      | Reached skill level 4 in Axes
  2851 | D:4      | Reached skill level 5 in Armour
  2851 | D:4      | Reached skill level 5 in Shields
  2851 | D:4      | Reached XP level 5. HP: 24/48 MP: 4/4
  3016 | D:4      | Found a sand-covered staircase.
  3022 | Ossuary  | Entered an ossuary
  3061 | Ossuary  | Reached XP level 6. HP: 39/56 MP: 5/5
  3351 | Ossuary  | Reached skill level 5 in Axes
  3351 | Ossuary  | Reached XP level 7. HP: 62/62 MP: 6/6
  3420 | Ossuary  | Reached skill level 6 in Fighting
  3420 | Ossuary  | Reached skill level 6 in Shields
  3434 | Ossuary  | Reached skill level 6 in Armour
  3710 | D:4      | Found a staircase to the Ecumenical Temple.
  3726 | Temple   | Entered the Ecumenical Temple
  3942 | Temple   | Became a worshipper of Hepliaklqana the Forgotten
  4182 | D:4      | Noticed Grinder
  4229 | D:4      | Paralysed by Grinder for 6 turns
  4260 | D:4      | Paralysed by Grinder for 4 turns
  4272 | D:4      | Killed Grinder
  4273 | D:4      | Reached skill level 6 in Axes
  4273 | D:4      | Reached XP level 8. HP: 27/71 MP: 7/7
  4548 | D:4      | Noticed Robin
  4814 | D:4      | Found an iron altar of Okawaru.
  4822 | D:4      | Found a glowing golden altar of the Shining One.
  4847 | D:4      | Reached skill level 7 in Fighting
  4847 | D:4      | Reached skill level 7 in Armour
  4847 | D:4      | Reached skill level 7 in Shields
  5079 | D:4      | Killed Robin
  5163 | D:4      | You pick up a book of Winter and begin reading...
  5163 | D:4      | You add the spells Ozocubu's Armour, Metabolic Englaciation
                  | and Simulacrum to your library.
  5387 | D:4      | You pick up a book of Minor Magic and begin reading...
  5387 | D:4      | You add the spells Magic Dart, Call Imp and Mephitic Cloud
                  | to your library.
  5447 | D:5      | Entered Level 5 of the Dungeon
  5478 | D:5      | Found Qoyss's Antique Armour Emporium.
  5504 | D:5      | Found Aresaoxt's Magic Scroll Shoppe.
  5505 | D:5      | Found an ancient bone altar of Kikubaaqudgha.
  5696 | D:5      | Found a radiant altar of Vehumet.
  5740 | D:5      | Noticed Edmund
  5770 | D:6      | Reached * piety under Hepliaklqana
  5866 | D:6      | Noticed Pikel
  5947 | D:5      | HP: 12/65 [Edmund/+1 dire flail of protection (7)]
  5952 | D:5      | HP: 3/65 [Edmund/+1 dire flail of protection (6)]
  5953 | D:5      | Slain by Edmund

Vanquished Creatures
  Grinder (D:4)
  Sigmund (D:4)
  A sky beast (D:6)
  A necrophage (D:5)
  An ogre (D:4)
  A lemure (D:6)
  A bullfrog (D:4)
  5 elf zombies (Ossuary)
  A scorpion (D:4)
  2 centaur zombies
  A jelly (D:5)
  Crazy Yiuf (D:3)
  A human zombie (Ossuary)
  An iguana (D:4)
  Jessica (D:2)
  An orc wizard (D:4)
  2 hound zombies (Ossuary)
  A hound skeleton (D:4)
  3 mummies (Ossuary)
  Robin (D:4)
  4 gnolls (D:4)
  2 adders
  6 adder zombies (Ossuary)
  A worm (D:3)
  A dart slug (D:3)
  4 orcs (D:4)
  5 endoplasms
  A giant cockroach (D:4)
  8 hobgoblins
  4 kobolds
  2 quokkas (D:4)
  5 ball pythons
  4 bats
  A frilled lizard (D:3)
  12 goblins
  2 goblin zombies (Ossuary)
  4 hobgoblin zombies (Ossuary)
  3 jackal zombies (Ossuary)
  3 kobold zombies (Ossuary)
  2 orc zombies (Ossuary)
  5 quokka zombies (Ossuary)
  3 rats
  3 rat zombies (Ossuary)
113 creatures vanquished.

Vanquished Creatures (collateral kills)
  A centaur zombie (D:6)
1 creature vanquished.

Vanquished Creatures (others)
  An ancestor (D:6)
1 creature vanquished.

Grand Total: 115 creatures vanquished

Table legend:
 A = Non-vault XP
 B = Vault XP
 C = Vault XP percentage of total XP
 D = Non-vault monster count
 E = Vault monster count
 F = Vault count percentage of total count
                 A         B        C        D         E       F
            +---------+---------+-------+---------+---------+-------
      Total |     885 |    1358 |  60.5 |      50 |      63 |  55.8
            +---------+---------+-------+---------+---------+-------
        D:1 |      16 |       0 |   0.0 |      10 |       0 |   0.0
        D:2 |       7 |      41 |  85.4 |       4 |       3 |  42.9
        D:3 |      23 |      46 |  66.7 |      12 |       2 |  14.3
        D:4 |     433 |     570 |  56.8 |      18 |      17 |  48.6
        D:5 |     180 |       2 |   1.1 |       3 |       1 |  25.0
        D:6 |     226 |       0 |   0.0 |       3 |       0 |   0.0
    Ossuary |       0 |     699 | 100.0 |       0 |      40 | 100.0
            +---------+---------+-------+---------+---------+-------

Illustrated notes

Table legend:
 A = Kills in this place as a percentage of kills in entire the game.
 B = Kills by you in this place as a percentage of kills by you in the entire game.
 C = Kills by friends in this place as a percentage of kills by friends in the entire game.
 D = Other kills in this place as a percentage of other kills in the entire game.
 E = Experience gained in this place as a percentage of experience gained in the entire game.
 F = Experience gained in this place divided by the number of levels of this place that you have seen.
                   A       B       C       D       E      F
               +-------+-------+-------+-------+-------+----------------------
         Total | 100.0 | 100.0 | 100.0 |   N/A | 100.0 | 280.4
       Dungeon |  64.6 |  64.3 | 100.0 |   N/A |  68.8 | 257.3
       Ossuary |  35.4 |  35.7 |   0.0 |   N/A |  31.2 | 699.0
               +-------+-------+-------+-------+-------+----------------------

Table legend: (Time is in decaauts)
 A = Elapsed time spent in this place.
 B = Non-inter-level travel time spent in this place.
 C = Inter-level travel time spent in this place.
 D = Time resting spent in this place.
 E = Time spent auto-exploring this place.
 F = Levels seen in this place.
 G = Mean time per level.
                   A        B        C        D        E       F      G
               +--------+--------+--------+--------+--------+-----+--------+
         Total |   5984 |   5642 |    342 |    473 |   2904 |   8 |  748.0 |
       Dungeon |   5084 |   4783 |    301 |    352 |   2538 |   6 |  847.3 |
        Temple |    236 |    195 |     41 |      0 |    186 |   1 |  236.0 |
       Ossuary |    662 |    662 |      0 |    121 |    180 |   1 |  662.0 |
               +--------+--------+--------+--------+--------+-----+--------+

Top non-repeatable levels by time:
     D:4: 1750 daAuts
     D:3: 1528 daAuts
     D:1: 682 daAuts
 Ossuary: 662 daAuts
     D:2: 615 daAuts
     D:5: 310 daAuts
  Temple: 236 daAuts
     D:6: 197 daAuts
